 Dungeon Sprint DCSS version 0.21-a0-400-g417d9d2 (webtiles) character file.

280 Amnesiac the Geomancer (level 6, -6/41 HPs)
             Began as a Demonspawn Earth Elementalist on Oct 20, 2017.
             Was an Initiate of Dithmenos.
             Succumbed to Sonja's poison
             ... in the Dungeon (Sprint I: "Red Sonja").
             The game lasted 00:02:06 (564 turns).

Amnesiac the Geomancer (DsEE)                        Turns: 564, Time: 00:02:06

Health: -6/41      AC:  4    Str:  9    XL:     6   Next: 5%
Magic:  2/15       EV: 12    Int: 18    God:    Dithmenos [......]
Gold:   256        SH:  0    Dex: 13    Spells: 11/18 levels left

rFire    . . .     SeeInvis .   (no weapon)
rCold    . . .     Gourm    .   (no shield)
rNeg     . . .     Faith    .   c - +0 robe
rPois    .         Spirit   +   (no helmet)
rElec    .         Reflect  .   (no cloak)
rCorr    .         Harm     .   (no gloves)
MR       .....     NoTele   +   (no boots)
Stlth    ++........             (no amulet)
HPRegen  0.13/turn              (no ring)
MPRegen  0.14/turn              (no ring)

@: lethally poisoned (-6 -> -92), slowed, very slow
A: molten scales 1, demonic guardian 1, magic shield
a: Renounce Religion


You were in the Dungeon.
You worshipped Dithmenos.
Dithmenos was noncommittal.
You were not hungry.

You visited 1 branch You collected 256 gold pieces.

Inventory:

Missiles
 b - 15 stones (quivered)
Armour
 c - a +0 robe (worn)
Scrolls
 j - a scroll of blinking {!r}
Potions
 g - a potion of haste {!q}
 h - a potion of magic {!q}
Books
 k - a book of Geomancy

   Spells                             Type                      Level
   a - Sandblast                      Earth                        1
   b - Passwall                       Transmutation/Earth          2
   c - Stone Arrow                    Conjuration/Earth            3
   d - Petrify                        Transmutation/Earth          4
   e - Lee's Rapid Deconstruction     Earth                        5
Comestibles
 d - a bread ration


   Skills:
 - Level 1.7 Dodging
 - Level 1.7 Stealth
 + Level 6.9 Spellcasting
 - Level 0.8 Transmutations
 * Level 9.8 Earth Magic


You had 11 spell levels left.
You knew the following spells:

 Your Spells              Type           Power        Failure   Level  Hunger
a - Sandblast             Erth           #####.       1%          1    None
b - Passwall              Tmut/Erth      ####......   1%          2    None
e - Petrify               Tmut/Erth      ####....     12%         4    ####...


Dungeon Overview and Level Annotations

Branches:
Dungeon (1/1)

Altars:
Cheibriados
Dithmenos
Elyvilon
Fedhas
Gozag
Hepliaklqana
Kikubaaqudgha
Nemelex Xobeh
Okawaru
Qazlal
Ru
Sif Muna
Trog
Uskayaw
Vehumet
Wu Jian
Yredelemnul
Zin
The Shining One

Shops:
D *

Annotations:
D Sonja


Innate Abilities, Weirdness & Mutations

You are partially covered in molten scales. (AC +2)
A weak demonic guardian rushes to your aid.
When hurt, damage is shared between your health and your magic reserves.


Message History

You are poisoned.
You have difficulty breathing.
* * * LOW HITPOINT WARNING * * *
You feel as though you will be slow longer.
Okay, then.
You swap places.
* * * LOW HITPOINT WARNING * * *
You feel sick.
Sonja casts a spell.
Sonja blinks!
Sonja shoots a curare-tipped needle.
The curare-tipped needle hits your white imp.
There is an ornate altar of the Wu Jian Council here.
Really quaff
f - a potion of heal wounds {!q}?
You feel much better.
You feel sick.
Sonja plants her feet in a plie.
Sonja unwields an uncursed blowgun.
Sonja wields an uncursed short sword of venom.
It begins to drip with poison!
Sonja hits your white imp with an uncursed short sword of venom. x3
Your white imp dies!
Sonja bows elegantly.
Press: ? - help, v - describe, . - travel, g - get item
Here: Sonja, wielding a short sword of venom 4 curare-tipped needles.
The floor.
Unknown command.
Press < or > to pray at altars.
Okay, then.
Really quaff
h - 2 potions of magic {!q}?
Magic courses through your body.
You feel sick. Sonja misses you.
Sonja hits you with an uncursed short sword of venom.
You are more poisoned.
Sonja hits you but does no damage.
You are lethally poisoned!
Sonja hits you with an uncursed short sword of venom.
You are more poisoned.
Sonja hits you with an uncursed short sword of venom.
* * * LOW HITPOINT WARNING * * *
You are more poisoned.
Sonja hits you with an uncursed short sword of venom.
* * * LOW HITPOINT WARNING * * *
You are more poisoned.
Casting: Petrify
Confirm with . or Enter, or press ? or * to list all spells.
Aiming: Petrify
Press: ? - help, Shift-Dir - straight line, f/p - Sonja
Aim: Sonja, wielding a short sword of venom (chance to defeat MR: 63%) Sonja resists with significant effort.
* * * LOW HITPOINT WARNING * * *
You feel extremely sick.
Sonja hits you with an uncursed short sword of venom.
* * * LOW HITPOINT WARNING * * *
You are more poisoned.
Sonja hits you but does no damage. Sonja barely misses you.
Sonja hits you but does no damage.
You are more poisoned.
Sonja hits you with an uncursed short sword of venom.
* * * LOW HITPOINT WARNING * * *
You are more poisoned.
Sonja barely misses you.
Unknown command.
Press < or > to pray at altars.
You swap places.
You die...

##########
#<.#.)'..#
#..[..#..+
#..#####+#####+#
#..####..#...#.#
#..#__####..##@#
#..#_____##'#5.+
#⌠⌠#_.∩...+.K._#
####_..__##_5#+#
#..#_____###'#
########## #.#
$.$ $.$ ##.##


You could see Sonja, a friendly quasit and a friendly white imp.

Vanquished Creatures
  A yak (D)
  An ogre (D)
  A jelly (D)
  Ijyb (D)
4 creatures vanquished.

Notes
Turn   | Place    | Note
-------+----------+-------------------------------------------
     0 | D        | Amnesiac the Demonspawn Earth Elementalist began the quest for the Orb.
     0 | D        | Reached XP level 1. HP: 13/13 MP: 3/3
     1 | D        | Noticed Ijyb
    18 | D        | Killed Ijyb
    18 | D        | Reached skill level 5 in Earth Magic
    18 | D        | Gained mutation: When hurt, damage is shared between your health and your magic reserves. [demonic ancestry]
    18 | D        | Reached XP level 2. HP: 3/19 MP: 0/6
   272 | D        | Noticed an ogre
   279 | D        | Killed an ogre
   279 | D        | Reached skill level 5 in Spellcasting
   279 | D        | Reached skill level 7 in Earth Magic
   279 | D        | Reached XP level 3. HP: 24/24 MP: 3/9
   279 | D        | Gained mutation: You are partially covered in molten scales. (AC +2) [demonic ancestry]
   279 | D        | Reached XP level 4. HP: 30/30 MP: 3/11
   283 | D        | Learned a level 2 spell: Passwall
   288 | D        | Learned a level 4 spell: Petrify
   407 | D        | Found a shadowy altar of Dithmenos.
   407 | D        | Found a sacrificial altar of Ru.
   407 | D        | Found a snail-covered altar of Cheibriados.
   407 | D        | Found an opulent altar of Gozag.
   407 | D        | Found a sparkling altar of Nemelex Xobeh.
   407 | D        | Found a basalt altar of Yredelemnul.
   407 | D        | Found a hide-covered altar of Uskayaw.
   407 | D        | Found a hazy altar of Hepliaklqana.
   407 | D        | Found an ancient bone altar of Kikubaaqudgha.
   407 | D        | Found Caymix's General Store.
   407 | D        | Found a glowing golden altar of the Shining One.
   407 | D        | Found an iron altar of Okawaru.
   407 | D        | Found a bloodstained altar of Trog.
   407 | D        | Found a blossoming altar of Fedhas.
   407 | D        | Found a stormy altar of Qazlal.
   407 | D        | Found a white marble altar of Elyvilon.
   407 | D        | Found a glowing silver altar of Zin.
   407 | D        | Noticed a yak
   407 | D        | Became a worshipper of Dithmenos the Shadowed
   416 | D        | Killed a yak
   416 | D        | Reached skill level 9 in Earth Magic
   416 | D        | Gained mutation: A weak demonic guardian rushes to your aid. [demonic ancestry]
   416 | D        | Reached XP level 5. HP: 21/35 MP: 0/14
   540 | D        | Found a radiant altar of Vehumet.
   541 | D        | Reached XP level 6. HP: 41/41 MP: 11/15
   542 | D        | Found a deep blue altar of Sif Muna.
   543 | D        | Found an ornate altar of the Wu Jian Council.
   555 | D        | Noticed Sonja
   560 | D        | HP: 2/41 [poisoned by Sonja (curare-tipped needle)]
   564 | D        | Succumbed to Sonja's poison

Vault maps used:
D:        dungeon_sprint_1

Skill      XL: |  1  2  3  4 |
---------------+-------------+-----
Spellcasting   | 3 5 6 |  6.9
Earth Magic    | 5 7 9 |  9.8
Dodging        | |  1.7
Stealth        | |  1.7
Transmutations | |  0.8

Action                   |  1- 3 |  4- 6 || total
-------------------------+-------+-------++-------
Melee: Unarmed           |    13 |       ||    13
 Cast: Sandblast         |     5 |    10 ||    15
       Passwall          |       |     6 ||     6
       Petrify           |       |     3 ||     3
  Use: Potion            |     1 |     3 ||     4
Armor: Robe              |     2 |     3 ||     5
Dodge: Dodged            |     2 |     6 ||     8

Table legend:
 A = Spawn XP
 B = Non-spawn XP
 C = Spawn XP percentage of total XP
 D = Spawn monster count
 E = Non-spawn monster count
 F = Spawn count percentage of total count
 G = Total turns spent on level
                    A         B        C        D         E        F      G
               +---------+---------+-------+---------+---------+-------+---------
         Total |       0 |     401 |   0.0 |       0 |       4 |   0.0 |   564
               +---------+---------+-------+---------+---------+-------+---------
             D |       0 |     401 |   0.0 |       0 |       4 |   0.0 |   564
               +---------+---------+-------+---------+---------+-------+---------
